 Dungeon Sprint DCSS version 0.21.2 (webtiles) character file.

37554 Fang the Executioner (level 13, -4/100 HPs)
             Began as a Gargoyle Berserker on Sept 27, 2018.
             Was a High Priest of Trog.
             Slain by a vault warden
             ... wielding a +0 war axe of chopping
              (6 damage)
             ... in the Dungeon (Sprint IX: "|||||||||||||||||||||||||||||").
             The game lasted 00:14:14 (4329 turns).

Fang the Executioner (Gargoyle Berserker)           Turns: 4329, Time: 00:14:15

Health: -4/100     AC: 29    Str: 24    XL:     13   Next: 97%
Magic:  13/13      EV: 12    Int: 13    God:    Trog [*****.]
Gold:   1900       SH:  0    Dex: 14    Spells: 12/12 levels left

rFire    . . .     SeeInvis .   H - +6 battleaxe (flame)
rCold    . . .     Gourm    .   (shield currently unavailable)
rNeg     + + .     Faith    .   C - +2 plate armour {rN+}
rPois    ∞         Spirit   .   (no helmet)
rElec    +         Reflect  .   p - +1 cloak
rCorr    .         Harm     .   B - +1 pair of gloves
MR       .....     NoTele   +   D - +1 pair of boots
Stlth    ..........             (no amulet)
HPRegen  0.26/turn              n - +3 ring of intelligence
MPRegen  0.13/turn              o - +3 ring of dexterity

@: corroded, berserk cooldown, slowed, very slow
A: agile 1, negative energy resistance 1, electricity resistance, wild magic 1,
unbreathing, petrification resistance, rot immunity, AC +9
a: Berserk, Trog's Hand, Brothers in Arms, Burn Spellbooks, Renounce Religion


You were in the Dungeon.
You worshipped Trog.
Trog was extremely pleased with you.
You were very hungry.

You visited 1 branch You collected 1900 gold pieces.

Inventory:

Hand Weapons
 a - a +5 executioner's axe of draining
 m - a +8 war axe of chopping
 s - a +6 antimagic war axe
 u - a +7 antimagic executioner's axe
 v - a +3 war axe of electrocution
 x - a +2 broad axe of venom
 A - the +6 halberd of Kidghuo {flame, rElec rC+}
   (You found it in the Dungeon)

   It has been specially enchanted to burn those struck by it, causing extra
   injury to most foes and up to half again as much damage against particularly
   susceptible opponents.
   Big, fiery blades are also staple armaments of hydra-hunters.
   It protects you from cold.
   It insulates you from electricity.
 H - a +6 battleaxe of flaming (weapon)
Armour
 p - a +1 cloak (worn)
 B - a +1 pair of gloves (worn)
 C - a +2 plate armour of positive energy (worn)
 D - a +1 pair of boots (worn)
Jewellery
 b - a +3 ring of strength
 n - a +3 ring of intelligence (left hand)
 o - a +3 ring of dexterity (right hand)
 y - an uncursed ring of protection from cold
 z - an uncursed ring of protection from magic
Wands
 l - a wand of iceblast (10)
Scrolls
 c - 8 scrolls of enchant armour
 i - 2 scrolls of blinking
 k - 5 scrolls of remove curse
 q - 2 scrolls of fog
Potions
 d - 6 potions of curing
 e - 5 potions of heal wounds
 f - a potion of haste
 g - 4 potions of magic
 h - 2 potions of berserk rage
 j - a potion of invisibility
 r - a potion of flight {unknown}
 E - 2 potions of agility
 F - 2 potions of might
Comestibles
 t - a chunk of flesh
 w - 9 rations


   Skills:
 + Level 19.5 Fighting
 + Level 22.2 Axes
 + Level 16.0 Armour
 + Level 9.3 Dodging
 + Level 4.0 Stealth


You had 12 spell levels left.
You didn't know any spells.

Dungeon Overview and Level Annotations

Branches:
Dungeon (1/1)

Altars:
Cheibriados
Dithmenos
Elyvilon
Fedhas
Gozag
Hepliaklqana
Kikubaaqudgha
Makhleb
Nemelex Xobeh
Okawaru
Qazlal
Ru
Sif Muna
Trog
Uskayaw
Vehumet
Wu Jian
Xom
Yredelemnul
Zin
The Shining One
Beogh
Jiyva
Lugonu

Shops:
D (%:}

Annotations:
D Sonja


Innate Abilities, Weirdness & Mutations

You are resistant to torment.
Your stone body is resilient. (AC +9)
You are immune to poison.
You resist negative energy. (rN+)
You are resistant to electric shocks. (rElec)
You can survive without breathing.
You are immune to petrification.
You are immune to rotting.
You are agile. (Dex +2)
Your spells are a little harder to cast, but a little more powerful.


Message History

Your plate armour prevents you from hitting the vault warden.
The vault warden is moderately wounded.
The ogre mage mumbles some strange words.
The ogre mage flickers and vanishes!
Deactivating autopickup; reactivate with Ctrl-A.
Unknown command.
You hit the vault warden but do no damage.
The vault warden is moderately wounded.
The vault warden hits you with a war axe of chopping!!
* * * LOW HITPOINT WARNING * * *
Unknown command.
You are too injured to fight recklessly!
Unknown command.
You are too injured to fight recklessly!
Unknown command.
Your troll goes berserk!
You are feeling very hungry.
The vault warden hits you with a war axe of chopping!!
* * * LOW HITPOINT WARNING * * *
You die...

▓.♣)♣.▓[▓.▓)▓.▓.
▓D▓.♣.♣.▓[▓.▓∩▓.▓.
▓W▓.♣[♣.▓.▓.▓)▓.▓.
▓p▓.▓.▓.▓)▓.▓.▓.▓.
▓{▓.▓.▓.▓)▓.▓.▓.▓÷
▓p▓.▓.▓.▓'▓.▓.▓.▓.
▓p▓.▓.▓.▓)▓.▓)▓.▓%
▓p▓.▓.▓.▓.▓.▓)▓.▓.
▓@▓.▓.▓.▓.▓.▓)▓.▓.
▓.▓.▓†▓.▓.▓.▓.▓.▓.
▓T▓.▓)▓.▓.▓.▓.▓.▓.
▓+▓.▓.▓.▓.▓.▓.▓.▓.
▓.▓.▓†▓.▓.▓.▓.▓.▓.
▓)▓.▓.▓.▓.▓.▓.▓.▓.
▓.▓.▓†▓.▓.▓.▓.▓.▓÷
▓.▓.▓.▓.▓.▓.▓.▓.▓.
▓.▓.▓.▓.▓[▓.▓.▓.▓'


You could see an ironheart preserver, an ice dragon, a vault warden, a vault
sentinel, an ironbrand convoker, a freezing wraith and a friendly troll
(berserk).

Vanquished Creatures
  Rupert (D)
  A tengu reaver (D)
  Donald (D)
  A fire giant (D)
  2 yaktaur captains (D)
  An ogre mage (D)
  A hydra (D)
  A ghost crab (D)
  2 centaur warriors (D)
  An anaconda (D)
  A satyr (D)
  An alligator (D)
  A naga sharpshooter (D)
  2 orc high priests (D)
  2 unseen horrors (D)
  A swamp dragon (D)
  An orc knight (D)
  A naga ritualist (D)
  An orb spider (D)
  An orc sorcerer (D)
  A wolf spider (D)
  A deep elf mage (D)
  A manticore (D)
  A cyclops (D)
  2 slime creatures (D)
  A merfolk siren (D)
  Joseph (D)
  A torpor snail (D)
  A naga mage (D)
  A gargoyle (D)
  A yaktaur (shapeshifter) (D)
  2 komodo dragons (D)
  2 merfolk (D)
  A demonic crawler (D)
  2 jumping spiders (D)
  A hornet (D)
  2 hippogriffs (D)
  3 redbacks (D)
  2 yaks (D)
  A hungry ghost (D)
  2 wargs (D)
  An acid dragon (D)
  3 hell hounds (D)
  2 porcupines (D)
  3 water moccasins (D)
  5 orc warriors (D)
  3 wolves (D)
  2 crocodiles (D)
  2 bullfrogs (D)
  3 crimson imps (D)
  A jelly (D)
  2 orc wizards (D)
  3 orc priests (D)
  A worker ant (D)
  16 orcs (D)
  A bat zombie (D)
  2 goblins (D)
  2 jackals (D)
  A frilled lizard (D)
  A kobold (D)
  A rat (D)
109 creatures vanquished.

Vanquished Creatures (collateral kills)
  A shadow dragon (D)
  A nagaraja (D)
  A frost giant (D)
  3 ettins (D)
  A hydra (D)
  An ice dragon (D)
  2 anacondas (D)
  2 deep troll shamans (D)
  A shock serpent (D)
  2 tengu warriors (D)
  An orc high priest (D)
  A spriggan berserker (D)
  3 orc knights (D)
  An ugly thing (D)
  An orc sorcerer (D)
  2 cyclopes (D)
  A black mamba (D)
  A water nymph (D)
  A yaktaur (D)
  A komodo dragon (D)
  A polar bear (shapeshifter) (D)
  2 merfolk (D)
  2 trolls (D)
  A slime creature (D)
  A naga (D)
  2 water moccasins (D)
  A floating eye (D)
  3 orc warriors (D)
  2 boggarts (D)
  A crocodile (D)
  A crocodile (shapeshifter) (D)
  An adder zombie (D)
  3 orcs (D)
  A ball python skeleton (D)
50 creatures vanquished.

Vanquished Creatures (others)
  An alligator (D)
  A spiny frog (D)
  A tyrant leech (D)
  A swamp drake (D)
4 creatures vanquished.

Grand Total: 163 creatures vanquished

Notes
Turn   | Place    | Note
-------+----------+-------------------------------------------
     0 | D        | Fang the Gargoyle Berserker began the quest for the Orb.
     0 | D        | Reached XP level 1. HP: 14/14 MP: 1/1
     7 | D        | Reached skill level 3 in Axes
     9 | D        | Reached ** piety under Trog
    48 | D        | Noticed a crimson imp
    48 | D        | Noticed a crimson imp
    58 | D        | Reached *** piety under Trog
    58 | D        | Reached XP level 2. HP: 20/20 MP: 2/2
    60 | D        | Killed a crimson imp
    60 | D        | Reached skill level 5 in Fighting
    60 | D        | Reached skill level 4 in Axes
    60 | D        | Reached XP level 3. HP: 26/26 MP: 3/3
    68 | D        | Reached skill level 5 in Axes
    68 | D        | Reached XP level 4. HP: 32/32 MP: 4/4
   103 | D        | Found a roughly hewn altar of Beogh.
   103 | D        | Found a snail-covered altar of Cheibriados.
   103 | D        | Found a shadowy altar of Dithmenos.
   103 | D        | Found a white marble altar of Elyvilon.
   103 | D        | Found a blossoming altar of Fedhas.
   103 | D        | Found an opulent altar of Gozag.
   104 | D        | Found a hazy altar of Hepliaklqana.
   105 | D        | Found a viscous altar of Jiyva.
   106 | D        | Found an ancient bone altar of Kikubaaqudgha.
   107 | D        | Found a corrupted altar of Lugonu.
   108 | D        | Found a burning altar of Makhleb.
   109 | D        | Found a sparkling altar of Nemelex Xobeh.
   110 | D        | Found an iron altar of Okawaru.
   111 | D        | Found a stormy altar of Qazlal.
   112 | D        | Found a sacrificial altar of Ru.
   113 | D        | Found a deep blue altar of Sif Muna.
   114 | D        | Found a bloodstained altar of Trog.
   115 | D        | Found a hide-covered altar of Uskayaw.
   116 | D        | Found a radiant altar of Vehumet.
   117 | D        | Found an ornate altar of the Wu Jian Council.
   118 | D        | Found a shimmering altar of Xom.
   119 | D        | Found a basalt altar of Yredelemnul.
   120 | D        | Found a glowing silver altar of Zin.
   121 | D        | Found a glowing golden altar of the Shining One.
   165 | D        | Noticed a hippogriff
   165 | D        | Noticed a hungry ghost
   165 | D        | Noticed a gargoyle
   169 | D        | Killed a gargoyle
   169 | D        | Reached **** piety under Trog
   169 | D        | Reached skill level 8 in Axes
   169 | D        | Reached skill level 5 in Armour
   169 | D        | Reached XP level 5. HP: 41/41 MP: 5/5
   169 | D        | Reached XP level 6. HP: 46/46 MP: 6/6
   177 | D        | Reached skill level 9 in Axes
   177 | D        | Reached skill level 1 in Stealth
   199 | D        | Killed a hungry ghost
   199 | D        | Reached skill level 10 in Fighting
   199 | D        | Reached XP level 7. HP: 38/52 MP: 7/7
   205 | D        | Killed a hippogriff
   205 | D        | Reached ***** piety under Trog
   205 | D        | Reached skill level 10 in Axes
   376 | D        | Noticed a manticore
   383 | D        | Killed a manticore
   383 | D        | Reached skill level 11 in Axes
   383 | D        | Reached skill level 5 in Dodging
   383 | D        | Reached XP level 8. HP: 60/60 MP: 8/8
   718 | D        | Gained mutation: You are dopey. (Int -2) [potion of mutation]
   718 | D        | Gained mutation: Your flesh is heat resistant. (rF+) [potion of mutation]
   719 | D        | Lost mutation: You are dopey. (Int -2) [potion of mutation]
   719 | D        | Lost mutation: Your flesh is heat resistant. (rF+) [potion of mutation]
   719 | D        | Gained mutation: Your spells are a little harder to cast, but a little more powerful. [potion of mutation]
   719 | D        | Gained mutation: You are agile. (Dex +2) [potion of mutation]
   732 | D        | Noticed a komodo dragon
   732 | D        | Noticed a yak
   732 | D        | Noticed a yak
   732 | D        | Noticed a komodo dragon
   737 | D        | Killed a komodo dragon
   737 | D        | Reached skill level 12 in Axes
   742 | D        | Killed a yak
   742 | D        | Received a gift from Trog
   742 | D        | Reached XP level 9. HP: 65/65 MP: 9/9
   748 | D        | Reached ****** piety under Trog
   752 | D        | Killed a komodo dragon
   752 | D        | Reached skill level 13 in Axes
   755 | D        | Received a gift from Trog
   876 | D        | Noticed a six-headed hydra
   894 | D        | Killed a 12-headed hydra
   894 | D        | Reached skill level 14 in Axes
   894 | D        | Reached XP level 10. HP: 27/73 MP: 3/10
   911 | D        | Noticed a black mamba
   911 | D        | Noticed an eight-headed hydra
   921 | D        | Killed an eight-headed hydra
   923 | D        | Killed a black mamba
   923 | D        | Received a gift from Trog
  1270 | D        | Reached skill level 10 in Armour
  1300 | D        | Reached skill level 15 in Axes
  1519 | D        | Noticed Joseph
  1538 | D        | Killed Joseph
  1594 | D        | Received a gift from Trog
  1613 | D        | Received a gift from Trog
  1780 | D        | Noticed an orc knight
  1780 | D        | Noticed an orc high priest
  1786 | D        | Killed an orc high priest
  1797 | D        | Killed an orc knight
  1797 | D        | Reached skill level 15 in Fighting
  1797 | D        | Reached XP level 11. HP: 81/81 MP: 3/11
  1803 | D        | Noticed an orc knight
  1805 | D        | Received a gift from Trog
  1808 | D        | Reached skill level 16 in Axes
  1811 | D        | Killed an orc knight
  1813 | D        | Noticed an orc knight
  1815 | D        | Killed an orc knight
  1992 | D        | Found Apritesk's Gadget Boutique.
  1992 | D        | Noticed an orc sorcerer
  1992 | D        | Noticed an orc high priest
  1995 | D        | Killed an orc high priest
  1997 | D        | Paralysed by an orc sorcerer for 6 turns
  2009 | D        | Killed an orc sorcerer
  2009 | D        | Received a gift from Trog
  2014 | D        | Found Kaphum's Book Shop.
  2017 | D        | Found Cuurirph's Food Boutique.
  2017 | D        | Noticed an orc high priest
  2019 | D        | Found Lotziunk's Antique Weapon Shop.
  2019 | D        | Noticed an orc knight
  2023 | D        | Killed an orc high priest
  2025 | D        | Killed an orc knight
  2025 | D        | Received a gift from Trog
  2032 | D        | Noticed an orc sorcerer
  2034 | D        | Killed an orc sorcerer
  2299 | D        | Noticed Sonja
  2457 | D        | Got the +6 halberd of Kidghuo {flame, rElec rC+}
  2519 | D        | Noticed a cyclops
  2519 | D        | Noticed a deep elf mage
  2519 | D        | Noticed a centaur warrior
  2527 | D        | Killed a centaur warrior
  2527 | D        | Reached skill level 17 in Axes
  2531 | D        | Received a gift from Trog
  2533 | D        | Killed a deep elf mage
  2534 | D        | Noticed an ettin
  2539 | D        | Killed a cyclops
  2547 | D        | Noticed a deep troll shaman
  2549 | D        | Noticed an ice dragon
  2552 | D        | Noticed a purple ugly thing
  2552 | D        | Killed an ettin
  2556 | D        | Killed a deep troll shaman
  2556 | D        | Received a gift from Trog
  2559 | D        | Killed an ice dragon
  2561 | D        | Killed a purple ugly thing
  2579 | D        | Reached skill level 18 in Axes
  2891 | D        | Noticed a shock serpent
  2891 | D        | Noticed an anaconda
  2891 | D        | Noticed a naga ritualist
  2891 | D        | Noticed a naga sharpshooter
  2891 | D        | Noticed an anaconda
  2897 | D        | Killed an anaconda
  2897 | D        | Reached XP level 12. HP: 90/90 MP: 4/12
  2898 | D        | Noticed a nagaraja
  2898 | D        | Noticed an anaconda
  2904 | D        | Killed a naga sharpshooter
  2904 | D        | Received a gift from Trog
  2923 | D        | Killed an anaconda
  2929 | D        | Killed a shock serpent
  2933 | D        | Killed a nagaraja
  2934 | D        | Killed an anaconda
  2934 | D        | Received a gift from Trog
  3152 | D        | Noticed a satyr
  3157 | D        | Killed a satyr
  3157 | D        | Reached skill level 19 in Axes
  3178 | D        | Received a gift from Trog
  3398 | D        | Received a gift from Trog
  3479 | D        | Noticed an alligator
  3479 | D        | Noticed a ghost crab
  3479 | D        | Noticed an alligator
  3484 | D        | Killed an alligator
  3494 | D        | Killed an alligator
  3495 | D        | Killed a ghost crab
  3500 | D        | Received a gift from Trog
  3500 | D        | Reached skill level 20 in Axes
  3500 | D        | Reached XP level 13. HP: 88/97 MP: 4/13
  3554 | D        | Noticed Donald
  3567 | D        | Killed Donald
  3655 | D        | Noticed Rupert
  3677 | D        | Killed Rupert
  3984 | D        | Noticed a tengu reaver
  3984 | D        | Noticed a fire giant
  3989 | D        | Killed a fire giant
  3990 | D        | Paralysed by a floating eye for 2 turns
  3996 | D        | Reached skill level 21 in Axes
  4001 | D        | Paralysed by a floating eye for 3 turns
  4002 | D        | Noticed a shadow dragon
  4009 | D        | Killed a tengu reaver
  4009 | D        | Received a gift from Trog
  4009 | D        | Reached skill level 15 in Armour
  4010 | D        | Paralysed by a floating eye for 2 turns
  4026 | D        | Paralysed by a floating eye for 2 turns
  4030 | D        | Killed a shadow dragon
  4031 | D        | Paralysed by a floating eye for 2 turns
  4033 | D        | Received a gift from Trog
  4034 | D        | Noticed a frost giant
  4040 | D        | Killed a frost giant
  4055 | D        | Noticed an ettin
  4065 | D        | Noticed an ettin
  4069 | D        | Killed an ettin
  4069 | D        | Received a gift from Trog
  4074 | D        | Killed an ettin
  4077 | D        | Noticed a yaktaur captain
  4077 | D        | Noticed an ogre mage
  4095 | D        | Killed a yaktaur captain
  4097 | D        | Killed an ogre mage
  4097 | D        | Reached skill level 22 in Axes
  4229 | D        | Noticed a yaktaur captain
  4238 | D        | Killed a yaktaur captain
  4300 | D        | Noticed a vault warden
  4304 | D        | Received a gift from Trog
  4306 | D        | Noticed an ironheart preserver
  4327 | D        | Noticed an ice dragon
  4329 | D        | HP: 2/100 [vault warden/war axe of chopping (26)]
  4329 | D        | Slain by a vault warden

Skill      XL: |  1  2  3  4  5  6  7  8  9 10 11 12 13 |
---------------+----------------------------------------+-----
Axes           | 3 4 5 8 9 11 12 14 15 18 20 22 | 22.2
Fighting       | 4 5 6 9 10 11 12 13 15 16 17 19 | 19.5
Armour         | 3 5 7 9 10 11 14 16 | 16.0
Dodging        | 2 3 4 5 6 7 8 9 |  9.3
Stealth        | 1 2 3 4 |  4.0

Action                   |  1- 3 |  4- 6 |  7- 9 | 10-12 | 13-15 || total
-------------------------+-------+-------+-------+-------+-------++-------
Melee: Hand axe          |    30 |       |       |       |       ||    30
       Broad axe         |       |    32 |    49 |       |       ||    81
       Battleaxe         |       |       |    17 |   145 |    69 ||   231
       Executioner's axe |       |       |       |    81 |    20 ||   101
Invok: Berserk           |     1 |     1 |     3 |     9 |     3 ||    17
       Brothers in Arms  |       |       |       |    13 |     4 ||    17
  Use: Potion            |       |       |     2 |     1 |     2 ||     5
       Scroll            |       |       |       |     1 |     3 ||     4
  Eat: Ration            |       |       |     1 |     1 |       ||     2
       Chunk             |       |       |     4 |    18 |     7 ||    29
Armor: Animal skin       |    12 |       |       |       |       ||    12
       Ring mail         |       |    13 |    61 |    46 |       ||   120
       Plate armour      |       |       |       |    86 |    67 ||   153
Dodge: Dodged            |     7 |    14 |    49 |   157 |    35 ||   262
